 Dungeon Crawl Stone Soup version 0.28.0 (webtiles) character file.

Game seed: 16413750905399638348

3914 Dirian the Cleaver (level 10, -2/90 HPs)
             Began as a Hill Orc Wanderer on Feb 15, 2022.
             Was a Believer of Nemelex Xobeh.
             Slain by a hellwing (7 damage)
             ... summoned by the player character
             ... on level 8 of the Dungeon.
             The game lasted 00:13:32 (9496 turns).

Dirian the Cleaver (Hill Orc Wanderer)              Turns: 9496, Time: 00:13:32

Health: -2/90      AC: 12    Str: 25    XL:     10   Next: 20%
Magic:  0/13       EV:  9    Int:  9    God:    Nemelex Xobeh [**....]
Gold:   315        SH:  0    Dex: 14    Spells: 9/9 levels left

rFire   . . .      SeeInvis +   p - +1 flail (spect)
rCold   . . .      Faith    .   (no shield)
rNeg    . . .      Spirit   +   j - +1 chain mail
rPois   .          Reflect  .   k - +1 hat {SInv}
rElec   .          Harm     .   (no cloak)
rCorr   .          Rampage  .   (no gloves)
Will    .....                   (no boots)
Stlth   ..........              s - amulet of guardian spirit
HPRegen 0.25/turn               g - +6 ring of strength
MPRegen 0.13/turn               (no ring)

@: slowed, very slow
A: no striking features
a: Renounce Religion, Draw Escape, Draw Destruction, Draw Summoning


You were on level 8 of the Dungeon.
You worshipped Nemelex Xobeh.
Nemelex Xobeh was pleased with you.
You visited 1 branch of the dungeon, and saw 8 of its levels.

You collected 315 gold pieces.

Inventory:

Hand Weapons
 a - a +0 hand axe
 l - a +0 war axe
 p - a +1 spectral flail (weapon)
Missiles
 i - 2 throwing nets
Armour
 j - a +1 chain mail (worn)
 k - a +1 hat of see invisible (worn)
Jewellery
 g - a +6 ring of strength (left hand)
 s - an amulet of guardian spirit (around neck)
Wands
 u - a wand of iceblast (8)
Scrolls
 b - a scroll of vulnerability
 e - 2 scrolls of immolation
 n - a scroll of acquirement
 r - a scroll of noise
 t - 2 scrolls of teleportation
Potions
 d - 2 potions of might
 f - a potion of cancellation
 h - a potion of haste
 m - a potion of mutation {unknown}
 o - a potion of invisibility
 q - 2 potions of curing
 w - 3 potions of heal wounds
Miscellaneous
 c - a piece from Xom's chessboard (15/15) (quivered)


   Skills:
 + Level 8.9 Fighting
 * Level 10.5(10.9) Axes
 - Level 3.4(6.6) Maces & Flails
 + Level 6.9 Armour
 - Level 2.4 Dodging
 + Level 6.7 Shields
 + Level 4.2 Invocations
 - Level 2.0 Evocations


You had 9 spell levels left.
You didn't know any spells.
Your spell library contained the following spells:

 Spells                   Type           Power      Damage    Failure   Level
 Corpse Rot               Necr/Air       0%         N/A       98%         2
 Poisonous Vapours        Pois/Air       0%         N/A       98%         2


Dungeon Overview and Level Annotations

Branches:
Dungeon (8/15)             Temple (0/1) D:5
   Lair: D:8-11

Altars:
Dithmenos
Fedhas
Makhleb
Nemelex Xobeh
Qazlal
Ru
Xom
The Shining One


Message History

The hellwing closely misses you.
Your hell hound barely misses the hellwing.
The hellwing hits you but does no damage. x2
You feel better.
Your hell hound breathes flames at the hellwing.
The blast of flame hits the hellwing but does no damage.
Your hell hound misses the hellwing.
The hellwing hits you but does no damage. x2
Your hell hound barely misses the hellwing.
Erica completely misses you.
Your hell hound bites the hellwing but does no damage.
The hellwing hits you.
* * * LOW HITPOINT WARNING * * *
The hellwing hits you but does no damage.
Your hell hound closely misses the hellwing.
The hellwing hits you.
* * * LOW HITPOINT WARNING * * *
The hellwing barely misses you.
Your orb of destruction hits a rock wall.
Your hell hound bites the hellwing but does no damage.
Erica casts a spell at you. The lance of force hits you!
* * * LOW HITPOINT WARNING * * *
You are knocked back by the lance of force.
Your hell hound bites the hellwing but does no damage.
Erica looks angry.
Found a stone staircase leading up.
You draw a card...
You have drawn Vitriol.
Press: ? - help, Shift-Dir - straight line, f/p - Erica
Aim: Erica, wielding a +1 scimitar of flaming, wearing a +0 robe and carrying a wand of iceblast (11) (severely wounded, covered in acid)
The glob of acid hits Erica!!!
Erica seems to be corroded for longer.
You kill Erica!
Your hell hound breathes flames at the hellwing.
The blast of flame hits the hellwing!
Your Invocations skill increases to level 4!
The hellwing swoops through the air toward you!
The hellwing hits you!
You die...
Your body disappears without a glow.

. .. .... ##A #...
#######
#########...###......#
#§..# ........4......<
#._.# .......@.......
#§..# ............... #
#...# ##.####.#######
###§..#####.####h## .
.##...##.......)..# ..
.###'###.....)....# ...
.#.....#...[......+ ....
.........#°†##...## .....
##.....###..##...##.....<


You could see a hellwing (summoned, ally target) and a friendly hell hound
(summoned).

Vanquished Creatures
  Erica (D:8)
  Maurice (D:8)
  2 steam dragons
  2 water moccasins
  A black bear (D:5)
  An orc warrior (D:7)
  An ice beast (D:6)
  5 sky beasts
  An ogre (D:7)
  A centaur (D:6)
  2 bullfrogs (D:7)
  2 scorpions
  A wyvern zombie (D:5)
  6 killer bees (D:8)
  A bullfrog zombie (D:6)
  2 centaur zombies
  A hound (D:5)
  4 jellies
  2 orc priests (D:4)
  2 gnoll shamans
  A centaur skeleton (D:6)
  Natasha (thrice) (D:2)
  3 iguanas
  3 orc wizards
  A scorpion zombie (D:5)
  A killer bee zombie (D:7)
  A hound skeleton (D:4)
  A howler monkey zombie (D:7)
  18 gnolls
  5 adders
  A shadow imp (D:6)
  4 white imps
  2 ufetubi
  2 adder zombies (D:5)
  An adder skeleton (D:4)
  16 orcs
  8 ball pythons
  10 endoplasms
  4 giant cockroaches
  6 goblins
  8 hobgoblins
  2 jackals (D:1)
  A quokka (D:1)
  5 bats
  5 frilled lizards
  6 kobolds
  12 rats
169 creatures vanquished.

Notes
Turn   | Place    | Note
-------+----------+-------------------------------------------
     0 | D:1      | Dirian the Hill Orc Wanderer began the quest for the Orb.
     0 | D:1      | Dirian set off with the following items: a +0 club, a
                  | scroll of vulnerability, a piece from Xom's chessboard
                  | (15/15), a +2 leather armour
     0 | D:1      | Reached XP level 1. HP: 22/22 MP: 1/1
   313 | D:1      | Reached skill level 1 in Axes
   333 | D:1      | Reached XP level 2. HP: 28/28 MP: 2/2
   694 | D:1      | Reached skill level 5 in Fighting
  1202 | D:1      | Reached skill level 1 in Shields
  1212 | D:1      | Reached skill level 2 in Axes
  1217 | D:1      | Reached XP level 3. HP: 4/36 MP: 3/3
  1761 | D:1      | Found a faded altar of an unknown god.
  1987 | D:2      | Found Jouran's Distillery.
  2091 | D:2      | Noticed Natasha
  2099 | D:2      | Killed Natasha
  2100 | D:2      | Reached XP level 4. HP: 18/42 MP: 4/4
  2121 | D:2      | Noticed Natasha
  2135 | D:2      | Killed Natasha
  2136 | D:2      | Reached skill level 3 in Axes
  2373 | D:2      | Noticed Natasha
  2774 | D:2      | Killed Natasha
  2775 | D:2      | Reached XP level 5. HP: 41/48 MP: 5/5
  4316 | D:3      | Found a shimmering altar of Xom.
  5061 | D:3      | Identified a scroll of acquirement
  5222 | D:4      | Reached skill level 4 in Axes
  5257 | D:4      | Reached XP level 6. HP: 14/57 MP: 2/6
  5515 | D:4      | Reached skill level 5 in Axes
  5751 | D:4      | Found a burning altar of Makhleb.
  5851 | D:4      | Reached XP level 7. HP: 55/63 MP: 5/7
  5968 | D:4      | Found a blossoming altar of Fedhas.
  6221 | D:5      | Entered Level 5 of the Dungeon
  6247 | D:5      | Found a stormy altar of Qazlal.
  6313 | D:5      | Reached skill level 6 in Axes
  6772 | D:5      | Reached skill level 1 in Maces & Flails
  6898 | D:5      | Found a sparkling altar of Nemelex Xobeh.
  6958 | D:5      | Reached XP level 8. HP: 59/71 MP: 6/8
  7162 | D:5      | Found a staircase to the Ecumenical Temple.
  7427 | D:5      | Became a worshipper of Nemelex Xobeh the Trickster
  7611 | D:6      | Reached skill level 5 in Armour
  7652 | D:6      | You fall into a shaft and drop 1 floor!
  7689 | D:7      | Reached skill level 7 in Axes
  7785 | D:6      | Reached skill level 5 in Shields
  7934 | D:6      | Reached * piety under Nemelex Xobeh
  7981 | D:6      | Reached XP level 9. HP: 73/79 MP: 9/9
  8037 | D:6      | Reached skill level 8 in Axes
  8053 | D:6      | Received a gift from Nemelex Xobeh
  8057 | D:6      | Found a sacrificial altar of Ru.
  8328 | D:6      | Found a shadowy altar of Dithmenos.
  8575 | D:7      | Reached skill level 1 in Invocations
  8652 | D:7      | Identified the +5 dagger of Annoyance {protect, rPois}
  9018 | D:7      | Reached skill level 9 in Axes
  9217 | D:7      | Reached ** piety under Nemelex Xobeh
  9413 | D:8      | Found a glowing golden altar of the Shining One.
  9415 | D:8      | Noticed an angel
  9425 | D:8      | Received a gift from Nemelex Xobeh
  9428 | D:8      | Noticed Maurice
  9454 | D:8      | Killed Maurice
  9475 | D:8      | Reached skill level 10 in Axes
  9478 | D:8      | Reached XP level 10. HP: 86/90 MP: 10/12
  9484 | D:8      | Noticed Erica
  9495 | D:8      | Killed Erica
  9496 | D:8      | Slain by a hellwing

Illustrated notes

Levels and vault maps discovered:
D:1:      scummos_arrival_simple_crosswalls, layout_loops_corners,
          basic_ecumenical_altar, minmay_misc_feat_encased,
          wander_ebering_terrifying_dragon_lair
D:2:      layout_loops_ring, serial_shops, nicolae_shop_waterfront,
          serial_aquarium, aquarium_bridge_square [aquarium_subvault_wall,
          aquarium_subvault_bridge, aquarium_subvault_wall,
          aquarium_subvault_window], aquarium_bridge_square
          [aquarium_subvault_bridge, aquarium_subvault_bridge,
          aquarium_subvault_window, aquarium_subvault_wall],
          aquarium_window_corridor_3, aquarium_window_fake, aquarium_window_2,
          aquarium_view_2c, aquarium_view_2f, aquarium_pool_four, moated_statue,
          uniq_natasha
D:3:      layout_basic, xom_redecorated
D:4:      layout_rooms, mainiacjoe_overflow_surrounded_room,
          mainiacjoe_overflow_boulevard
D:5:      layout_gridville, lemuel_crystal_altar, nemelex_spade_bored_becter,
          lemuel_temple_firewalk_b
D:6:      layout_rooms, nicolae_ru_great_annihilating_truth,
          grunt_dithmenos_shadows, chequers_serial_rivers_micro_d
D:7:      layout_loops_corners, roderic_roman_lattice
D:8:      layout_gridville, grunt_temple_overflow_holy_war, serial_glass,
          glass_columns_a, glass_columns_a, serial_shops,
          nicolae_shop_hallway_stairs, grunt_decor_one_mirror, uniq_maurice,
          uniq_erica, uniq_pikel

Skill      XL: |  1  2  3  4  5  6  7  8  9 10 |
---------------+-------------------------------+-----
Axes           | 1 2 3 4 5 6 7 10 | 10.5
Fighting       | 5 6 7 8 |  8.9
Shields        | 1 2 3 4 5 6 |  6.7
Armour         | 2 3 4 5 6 |  6.9
Maces & Flails | 1 3 |  3.4
Invocations    | 3 4 |  4.2
Dodging        | |  2.4
Evocations     | |  2.0

Action                   |  1- 3 |  4- 6 |  7- 9 | 10-12 || total
-------------------------+-------+-------+-------+-------++-------
Melee: Club              |   182 |       |       |       ||   182
       Punch             |     3 |     2 |     5 |     1 ||    11
       Short sword       |    10 |   125 |       |       ||   135
       Flail             |       |    79 |   170 |     5 ||   254
Invok: Draw Destruction  |       |       |     1 |     4 ||     5
       Draw Summoning    |       |       |       |     1 ||     1
Evoke: Piece from Xom's  |       |     1 |       |       ||     1
  Use: Potion            |       |     2 |       |     1 ||     3
       Scroll            |       |     6 |     8 |       ||    14
 Stab: Petrified         |       |     1 |       |       ||     1
       Distracted        |       |       |     1 |       ||     1
       Paralysed         |       |       |     1 |       ||     1
Armor: Leather armour    |    11 |       |       |       ||    11
       Ring mail         |    72 |    35 |       |       ||   107
       Chain mail        |       |    43 |    94 |    12 ||   149
Dodge: Dodged            |   144 |   116 |    68 |     5 ||   333
